Map: Abyssal Reef LE

Players

Optimus - Winner!

  • Race: Terran Terran
  • Spawn Location: 5:00

Oobios

  • Race: Zerg Zerg
  • Spawn Location: 11:00

Event: WCS Austin 2017

VOD

Have the link to the VOD?

Description

Time

  • Played on: April 28, 2017, 2:20 p.m.
  • Length: 6:53

All games in this series

Show
View Real Time Build Order
Export as new Build Order

Optimus Terran - Winner!

Build Orders: Hellion Opening, Reaper Expand 

Get SALT Encoding   

  12  0:00  SCV  
  13  0:13  SCV  
  14  0:18  Supply Depot  
  14  0:25  SCV  
  15  0:28  Refinery  
  15  0:40  SCV  
  16  0:45  Barracks  
  16  0:52  SCV  
  17  1:04  SCV  
  18  1:16  SCV  
  19  1:31  Orbital Command  
  19  1:32  Reaper  
  20  1:43  Command Center  
  20  1:53  Factory  
  20  1:58  SCV  
  21  2:06  Barracks Reactor  
  21  2:07  Supply Depot  
  21  2:11  SCV  
  22  2:17  Refinery  
  22  2:23  SCV  
  23  2:35  SCV  
  24  2:43  Starport  
  24  2:47  Hellion x2, SCV  
  29  2:56  Orbital Command  
  29  2:59  SCV  
  29  3:01  Barracks Tech Lab  
  30  3:12  Hellion x2  
  34  3:13  SCV  
  34  3:19  Supply Depot  
  35  3:22  SCV  
  36  3:29  Viking  
  36  3:31  SCV  
  36  3:34  SCV  
  40  3:39  Hellion  
  42  3:42  Hellion  
  42  3:45  Supply Depot  
  42  3:47  SCV  
  45  3:49  SCV  
  45  3:52  Cloaking Field  
  46  4:00  SCV  
  51  4:02  SCV  
  51  4:10  Supply Depot  
  51  4:12  SCV  
  56  4:17  SCV  
  56  4:21  Raven  
  56  4:25  SCV  
  56  4:28  Armory  
  56  4:29  SCV  
  56  4:30  Hellion x2  
  58  4:37  SCV  
  59  4:41  SCV  
  59  4:46  Command Center  
  59  4:49  SCV  
  58  4:53  SCV  
  58  4:55  Hellion x2  
  59  5:01  SCV  
  59  5:05  SCV  
  57  5:07  Banshee  
  57  5:11  Marine  
  57  5:13  SCV  
  62  5:16  Hellion x4  
  62  5:17  SCV  
  62  5:18  Supply Depot  
  62  5:20  Cyclone x2  
  69  5:25  SCV  
  65  5:29  SCV  
  63  5:37  SCV  
  63  5:41  SCV  
  65  5:49  SCV  
  66  5:52  Hellion x2  
  66  5:54  SCV  
  73  5:58  Refinery  
  73  6:01  Orbital Command  
  73  6:02  Barracks  
  71  6:04  Barracks  
  71  6:05  SCV  
  71  6:07  Marine  
  73  6:12  SCV  
  73  6:14  Engineering Bay x2  
  73  6:18  Refinery, SCV  
  75  6:24  SCV  
  75  6:25  Marine  
  76  6:28  Hellion x2, SCV  
  76  6:30  SCV  
  76  6:32  Starport Reactor  
  83  6:37  SCV  
  83  6:39  Barracks x2  
  84  6:40  SCV  
  84  6:51  Supply Depot  
  84  6:52  Supply Depot  
  84  6:53  Supply Depot  
Show
View Real Time Build Order
Export as new Build Order

Oobios Zerg 

Build Orders: Hatch First 

Get SALT Encoding   

  12  0:01  Drone  
  13  0:13  Overlord  
  13  0:18  Drone  
  14  0:31  Drone  
  14  0:32  Drone  
  16  0:37  Drone  
  17  0:53  Hatchery  
  17  0:56  Drone  
  17  1:00  Drone  
  18  1:13  Spawning Pool  
  18  1:16  Extractor  
  17  1:18  Drone  
  17  1:21  Drone  
  18  1:29  Overlord  
  18  1:44  Drone  
  19  2:00  Queen  
  21  2:02  Zergling x4  
  21  2:06  Queen  
  21  2:07  Drone  
  26  2:14  Drone  
  27  2:17  Metabolic Boost  
  27  2:20  Drone  
  28  2:23  Drone  
  28  2:29  Drone  
  30  2:36  Drone  
  31  2:38  Drone  
  32  2:45  Queen  
  32  2:47  Queen  
  36  2:57  Overlord  
  36  3:17  Drone x3  
  36  3:18  Drone  
  40  3:21  Pneumatized Carapace  
  40  3:24  Zergling x8  
  44  3:30  Evolution Chamber  
  43  3:36  Overlord x2  
  43  3:40  Queen  
  43  3:47  Overlord  
  43  3:58  Zergling x2  
  43  3:59  Zergling x16  
  52  4:14  Zergling x8  
  56  4:18  Zerg Ground Armor Level 1  
  53  4:37  Zergling x2  
  53  4:38  Zergling x10  
  58  4:59  Overlord x3  
  55  5:02  Baneling Nest  
  55  5:06  Zergling x2  
  52  5:23  Zergling x12  
  52  5:24  Zergling x4  
  58  5:33  Zergling x2  
  53  5:36  Zergling x2  
  53  5:37  Queen  
  53  5:38  Queen  
  53  5:42  Zergling x2  
  59  5:48  Drone  
  58  5:54  Baneling  
  58  5:55  Baneling x7  
  58  6:01  Drone, Hatchery  
  58  6:03  Drone x2  
  55  6:15  Drone  
  55  6:16  Drone  
  54  6:27  Spore Crawler  
  54  6:30  Drone x3  
  54  6:31  Drone  
Tags
 
Add a new tag
Caveats
  • Supply blocks, unpowered buildings, or Contaminate may cause inaccurate times.
  • Supply counts are checked every 10 seconds.